 Dungeon Crawl Stone Soup version 0.31-a0-986-g5e6e4ef867 (webtiles) character file.

Game seed: 3963528177934394761

26 LeprechaunX the Changeling (level 3, 0/23 HPs)
             Began as an Octopode Shapeshifter on Nov 10, 2023.
             Was a Believer of Ru.
             Succumbed to a goblin's poison
             ... on level 2 of the Dungeon.
             The game lasted 00:01:11 (715 turns).

LeprechaunX the Changeling (Octopode Shapeshifter)   Turns: 715, Time: 00:01:12

Health: 0/23       AC:  1    Str: 13    XL:     3   Next: 8%
Magic:  3/3        EV: 13    Int: 12    God:    Ru [**....]
Gold:   26         SH:  0    Dex: 13    Spells: 2/2 levels left

rFire   x .          .
                       - Unarmed
rCold   x . .        (no shield)
rNeg    . . .        (helmet currently unavailable)
rPois   .            (no amulet)
rElec   .            (no ring)
rCorr   .            (no ring)
SInv    .            (no ring)
Will    .....        (no ring)
Stlth   ++           (no ring)
HPRegen 0.23/turn    (no ring)
MPRegen 0.08/turn    (no ring)
                     (no ring)

%: no passive effects
@: lethally poisoned (0 -> -5), beast-form, hasted, very quick
A: beast (slay +2), almost no armour, amphibious, 8 rings, camouflage 1,
gelatinous body 1, temperature sensitive, (nimble swimmer 1), tentacles
a: Begin Untransformation, Renounce Religion


You were on level 2 of the Dungeon.
You worshipped Ru.
Ru was pleased with you.
You were a hulking beast.
You visited 1 branch of the dungeon, and saw 2 of its levels.

You collected 26 gold pieces.

Inventory:

Talismans
 b - a beast talisman
 c - a flux talisman
Scrolls
 d - a scroll of teleportation {unknown}
 e - a scroll of identify {unknown}
 f - a scroll of enchant armour {unknown}
 g - a scroll of fog {unknown}
 i - a scroll of revelation {unknown}
Potions
 a - a potion of lignification


   Skills:
 + Level 1.5 Fighting
 - Level 2.0 Dodging
 + Level 3.3 Unarmed Combat
 * Level 3.5 Shapeshifting


You had 2 spell levels left.
You didn't know any spells.
Your spell library contained the following spells:

 Spells                   Type           Power      Damage    Failure   Level
 Ensorcelled Hibernation  Hex/Ice        0%         N/A       45%         2
 Jinxbite                 Hex            0%         N/A       45%         2
 Anguish                  Hex/Necr       0%         N/A       97%         4


Dungeon Overview and Level Annotations

Branches:
Dungeon (2/15)

Altars:
Ru


Innate Abilities, Weirdness & Mutations

You are a hulking beast.
Your limbs bulge with bestial killing power. (Slay +2)
You cannot wear most types of armour.
You are amphibious.
You can wear up to eight rings at the same time.
Your skin changes colour to match your surroundings (Stealth+).
Your rubbery body absorbs attacks. (AC +1, EV +1)
You are sensitive to extremes of temperature. (rF-, rC-)
((You are camouflaged when in or above water. (Stealth+)))
You have tentacles for arms and can constrict up to eight enemies at once.


Message History

A goblin is nearby!
A goblin is nearby!
You barely miss the goblin.
The goblin shouts!
Your grab misses the goblin.
The goblin hits you with a +0 dagger of venom.
You are poisoned.
You tentacle-slap the goblin but do no damage.
You grab the goblin. You constrict the goblin.
You feel very sick. The goblin misses you.
You are too injured to fight recklessly!
You are too injured to fight recklessly!
You are too injured to fight recklessly!
You are too injured to fight recklessly!
You are too injured to fight recklessly!
You are too injured to fight recklessly!
You are too injured to fight recklessly!
You are too injured to fight recklessly!
You are too injured to fight recklessly!
A goblin is nearby!
A goblin is nearby!
A goblin is nearby!
You barely miss the goblin.
The goblin is moderately wounded.
You constrict the goblin.
You feel sick.
The goblin hits you with a +0 dagger of venom.
You are lethally poisoned!
You bludgeon the goblin!
You kill the goblin!
* * * LOW HITPOINT WARNING * * *
You feel very sick.
There is a lethal amount of poison in your body!
There is a lethal amount of poison in your body!
* * * LOW HITPOINT WARNING * * *
You feel sick.
It was a potion of haste.
You feel yourself speed up.
* * * LOW HITPOINT WARNING * * *
You feel sick.
You die...

#.... ....? .#..
.... #..###..# . .
###.#...... ....
#.......#
.....#....†.)#.#..
.........<..#....#
...............#
.........h..####
?.......).###
......#..##
.........#
#.!###...# #..
....# ##... ....


There were no monsters in sight!

Vanquished Creatures
  An adder (D:2)
  A dart slug (D:1)
  2 giant cockroaches
  3 goblins
  A hobgoblin (D:1)
  2 ball pythons (D:1)
  A bat (D:1)
  3 frilled lizards
  2 kobolds (D:1)
  2 rats (D:1)
18 creatures vanquished.

Notes
Turn   | Place    | Note
-------+----------+-------------------------------------------
     0 | D:1      | LeprechaunX the Octopode Shapeshifter began the quest for
                  | the Orb.
     0 | D:1      | Reached XP level 1. HP: 13/13 MP: 1/1
    24 | D:1      | Found a faded altar of an unknown god.
   338 | D:1      | Reached XP level 2. HP: 17/18 MP: 2/2
   670 | D:1      | Prayed at the altar of an unknown god.
   670 | D:1      | Became a worshipper of Ru the Awakened
   683 | D:1      | Gained mutation: You are sensitive to extremes of
                  | temperature. (rF-, rC-) [Ru sacrifice]
   683 | D:1      | Reached * piety under Ru
   683 | D:1      | Reached ** piety under Ru
   699 | D:2      | Reached XP level 3. HP: 19/23 MP: 3/3
   714 | D:2      | HP: 1/23 [poisoned by a goblin]
   715 | D:2      | Succumbed to a goblin's poison

Illustrated notes

Levels and vault maps discovered:
D:1:      amcnicky_arrival_double_pillar, layout_loops_cross,
          ebering_ecumenical_altar_petrified
D:2:      layout_rooms, uniq_terence

Action                     || total
---------------------------++-------
  Melee: Unarmed           ||    32
         Constrict         ||     9
         Tentacles         ||     7
         Punch             ||     1
 Invoke: Sacrifice Resista ||     1
    Use: Potion            ||     1
   Stab: Sleeping          ||     2
 Armour: Skin              ||    13
  Dodge: Dodged            ||    15

Table legend: (Time is in decaauts)
 A = Elapsed time spent in this place.
 B = Non-inter-level travel time spent in this place.
 C = Inter-level travel time spent in this place.
 D = Time resting spent in this place.
 E = Time spent auto-exploring this place.
 F = Levels seen in this place.
 G = Mean time per level.
                   A        B        C        D        E       F      G
               +--------+--------+--------+--------+--------+-----+--------+
         Total |    713 |    660 |     53 |      0 |    564 |   2 |  356.5 |
       Dungeon |    713 |    660 |     53 |      0 |    564 |   2 |  356.5 |
               +--------+--------+--------+--------+--------+-----+--------+

Top non-repeatable levels by time:
     D:1: 685 daAuts
     D:2: 28 daAuts
